 Dungeon Crawl Stone Soup version 0.29-a0-653-gd47aff6735 (webtiles) character file.

Game seed: 16031171499003268918

183 hquester1 the Skirmisher (level 5, -5/33 HPs)
             Began as a Kobold Fighter on June 21, 2022.
             Was an Initiate of Dithmenos.
             Killed by nerve-wracking pain
             ... invoked by an orc priest
              (14 damage)
             ... on level 4 of the Dungeon.
             The game lasted 00:08:59 (3246 turns).

hquester1 the Skirmisher (Kobold Fighter)           Turns: 3246, Time: 00:09:00

Health: -5/33      AC:  6    Str: 13    XL:     5   Next: 94%
Magic:  5/5        EV: 11    Int: 10    God:    Dithmenos [......]
Gold:   233        SH:  6    Dex: 16    Spells: 4/4 levels left

rFire   . . .      SeeInvis .   h - +2 short sword (venom)
rCold   . . .      Faith    .   c - +0 buckler
rNeg    . . .      Spirit   .   b - +0 scale mail
rPois   .          Reflect  .   (no helmet)
rElec   .          Harm     .   (no cloak)
rCorr   .          Rampage  .   (no gloves)
Will    .....                   (no boots)
Stlth   ++........              (no amulet)
HPRegen 0.11/turn               (no ring)
MPRegen 0.09/turn               (no ring)

@: no status effects
A: small, no large weapons, nightstalker 3
a: Renounce Religion


You were on level 4 of the Dungeon.
You worshipped Dithmenos.
Dithmenos was noncommittal.
You visited 2 branches of the dungeon, and saw 5 of its levels.

You collected 233 gold pieces.

Inventory:

Hand Weapons
 a - a +1 vorpal rapier
 h - a +2 short sword of venom (weapon)
Armour
 b - a +0 scale mail (worn)
 c - a +0 buckler (worn)
Scrolls
 g - a scroll of enchant weapon
Potions
 d - 2 potions of might
 e - 4 potions of curing
 f - a potion of invisibility {unknown}
 i - a potion of haste {unknown}
 k - 2 potions of heal wounds
 l - a potion of degeneration {unknown}
 q - a potion of mutation {unknown}


   Skills:
 + Level 4.0 Fighting
 + Level 3.7 Short Blades
 + Level 3.0 Armour
 + Level 2.3 Dodging
 + Level 2.5 Stealth
 + Level 3.0 Shields


You had 4 spell levels left.
You didn't know any spells.
Your spell library contained the following spells:

 Spells                   Type           Power      Damage    Failure   Level
 Gell's Gravitas          Tloc           0%         N/A       100%        3
 Teleport Other           Tloc           0%         N/A       100%        3
 Dispersal                Tloc           0%         N/A       100%        6


Dungeon Overview and Level Annotations

Branches:
Dungeon (4/15)             Temple (1/1) D:4

Altars:
Cheibriados
Dithmenos
Elyvilon
Gozag
Hepliaklqana
Nemelex Xobeh
Sif Muna
Trog
Xom
Yredelemnul
The Shining One

Annotations:
D:3 1 runed translucent door, Crazy Yiuf


Innate Abilities, Weirdness & Mutations

You are small and have problems with some larger weapons.
You are completely attuned to the shadows.


Message History

You block the ball python's attack. The ball python constricts you.
You hit the ball python.
You kill the ball python!
Dithmenos accepts your kill.
A goblin comes into view. It is wielding a +0 dagger.
The goblin shouts!
You hear an angry hiss.
You hear a shout!
The goblin misses you.
You hit the goblin.
You kill the goblin!
Dithmenos accepts your kill.
Things that are here:
a +0 dagger; a goblin corpse An adder comes into view.
You hit the adder but do no damage.
The adder is poisoned.
The adder barely misses you.
An orc priest comes into view. It is wielding a +0 whip.
You closely miss the adder. The adder barely misses you.
The orc priest calls down the wrath of Beogh upon you.
Beogh smites you!
You hit the adder.
The adder looks even sicker.
The adder is severely wounded.
The adder bites you but does no damage.
The orc priest invokes the aid of Beogh against you.
Beogh smites you!
* * * LOW HITPOINT WARNING * * *
The adder closely misses you. The adder attacks as you move away!
The adder bites you but does no damage.
You puncture the adder!
You kill the adder!
Dithmenos accepts your kill.
Things that are here:
a +0 dagger; a goblin corpse You open the door.
There is an open door here.
You block the orc priest's attack.
You hit the orc priest.
The orc priest is poisoned.
The orc priest is moderately wounded.
The orc priest invokes the aid of Beogh against you.
Pain shoots through your body!
You die...

####### #........#.....
#.....# #........#.....
#..#..# #........#.....
#..#.)# #........#.....
#..#..# ####..##...<#
##o##.###..#...#....#
#..##..#...#....+
#o.#'..#...+....#....
#..##@.#...#....#..<.
#....o.#...#....#..###
#####...#...#....#..##.
#....#..#...#....'.....
#....#..#...#....#.....
#....#..#...#....#.....
#....#..#...+....#.....
#....#..##..#....#.....
#..##..# #.....


You could see an orc priest (very poisoned).

Vanquished Creatures
  An iguana (D:4)
  Jessica (D:3)
  6 adders
  A worm (D:3)
  A dart slug (D:1)
  An orc (D:3)
  5 bats
  7 endoplasms
  2 giant cockroaches
  7 goblins
  7 hobgoblins
  3 jackals (D:1)
  3 kobolds
  4 quokkas
  6 ball pythons
  2 frilled lizards
  9 rats
66 creatures vanquished.

Notes
Turn   | Place    | Note
-------+----------+-------------------------------------------
     0 | D:1      | hquester1 the Kobold Fighter began the quest for the Orb.
     0 | D:1      | Reached XP level 1. HP: 14/14 MP: 1/1
   211 | D:1      | Reached XP level 2. HP: 19/19 MP: 2/2
   554 | D:1      | Reached skill level 1 in Stealth
   630 | D:1      | Reached skill level 1 in Dodging
   633 | D:1      | Found a faded altar of an unknown god.
   671 | D:1      | Reached XP level 3. HP: 18/23 MP: 3/3
  1495 | D:2      | Reached XP level 4. HP: 29/29 MP: 4/4
  2101 | D:3      | Noticed Jessica
  2110 | D:3      | Killed Jessica
  2111 | D:3      | Reached XP level 5. HP: 29/33 MP: 5/5
  2585 | D:3      | Found a runed translucent door.
  2588 | D:3      | Noticed Crazy Yiuf
  2799 | D:4      | Reached skill level 4 in Fighting
  2834 | D:4      | Found a staircase to the Ecumenical Temple.
  2840 | Temple   | Entered the Ecumenical Temple
  3000 | Temple   | Became a worshipper of Dithmenos the Shadowed
  3246 | D:4      | Killed from afar by an orc priest

Illustrated notes

Levels and vault maps discovered:
D:1:      scummos_arrival_forest, layout_basic, basic_ecumenical_altar,
          columned_hall_lemuel, hangedman_feature_mirror
D:2:      layout_loops_ring, dk_noncrumbling_4
D:3:      layout_rooms, st_stairs_11, uniq_crazy_yiuf_cottage, uniq_jessica
D:4:      minmay_angry_zag, layout_gridville, okawaru_metal_pillars_1_2,
          minmay_temple_entry_mini_moons, grunt_ministairs_10, uniq_natasha
Temple:   jpeg_temple_clearing

Skill      XL: |  1  2  3  4  5 |
---------------+----------------+-----
Stealth        | 1 2 |  2.5
Short Blades   | 3 |  3.7
Dodging        | 1 2 |  2.3
Armour         | 3 |  3.0
Shields        | 3 |  3.0
Fighting       | 4 |  4.0

Action                   |  1- 3 |  4- 6 || total
-------------------------+-------+-------++-------
Melee: Rapier            |    45 |       ||    45
       Short sword       |    29 |    89 ||   118
  Use: Potion            |     1 |       ||     1
       Scroll            |       |     7 ||     7
 Stab: Sleeping          |     3 |     1 ||     4
Armor: Scale mail        |    25 |    26 ||    51
Dodge: Dodged            |    26 |    33 ||    59
Block: Buckler           |    12 |    19 ||    31

Table legend: (Time is in decaauts)
 A = Elapsed time spent in this place.
 B = Non-inter-level travel time spent in this place.
 C = Inter-level travel time spent in this place.
 D = Time resting spent in this place.
 E = Time spent auto-exploring this place.
 F = Levels seen in this place.
 G = Mean time per level.
                   A        B        C        D        E       F      G
               +--------+--------+--------+--------+--------+-----+--------+
         Total |   3250 |   3135 |    115 |      0 |   2522 |   5 |  650.0 |
       Dungeon |   3074 |   2974 |    100 |      0 |   2404 |   4 |  768.5 |
        Temple |    175 |    160 |     15 |      0 |    118 |   1 |  175.0 |
               +--------+--------+--------+--------+--------+-----+--------+

Top non-repeatable levels by time:
     D:1: 1347 daAuts
     D:3: 727 daAuts
     D:2: 645 daAuts
     D:4: 353 daAuts
  Temple: 175 daAuts
